 Dungeon Sprint DCSS version 0.30-a0-50-gb2d611f6b1 (webtiles) character file.

Game seed: 10672416186247167925

104 rocky1 the Trooper (level 4, -5/53 HPs)
             Began as an Ogre Berserker on Sept 5, 2022.
             Was a Priest of Trog.
             Slain by Pargi (8 damage)
             ... while paralysed by a floating eye
             ... in the Dungeon (Sprint VII: "The Pits").
             The game lasted 00:01:38 (676 turns).

rocky1 the Trooper (Ogre Berserker)                  Turns: 676, Time: 00:01:38

Health: -5/53      AC:  3    Str: 23    XL:     4   Next: 80%
Magic:  4/4        EV:  1    Int:  8    God:    Trog [***...]
Gold:   0          SH:  0    Dex:  8    Spells: 3/3 levels left

rFire   . . .      SeeInvis .    k - +2 mace
rCold   . . .      Faith    .    (no shield)
rNeg    . . .      Spirit   .    b - +0 animal skin
rPois   .          Reflect  .    (helmet restricted)
rElec   .          Harm     .    (no cloak)
rCorr   .          Rampage  .    (gloves unavailable)
Will    ++...      NoTele   +    (boots unavailable)
Stlth   ++........               (no amulet)
HPRegen 1.17/turn                (no ring)
MPRegen 0.09/turn                (no ring)

@: paralysed, strong-willed, on berserk cooldown, regenerating, hasted
A: large, unfitting armour, tough skin 1
a: Renounce Religion, Berserk, Trog's Hand


You were in the Dungeon.
You worshipped Trog.
Trog was most pleased with you.
You visited 1 branch

Inventory:

Hand Weapons
 a - a +0 mace
 k - a +2 mace (weapon)
Armour
 b - a +0 animal skin (worn)
Scrolls
 h - a scroll of blinking
 j - a scroll of summoning
Potions
 f - 4 potions of magic
 g - 3 potions of berserk rage
 i - 2 potions of invisibility


   Skills:
 + Level 6.3 Fighting
 * Level 5.6 Maces & Flails
 + Level 2.5 Armour
 + Level 4.4 Dodging
 + Level 2.4 Stealth


You had 3 spell levels left.
You didn't know any spells.
Your spell library was empty.

Dungeon Overview and Level Annotations

Branches:
Dungeon (1/1)

Altars:

Annotations:
D Pargi


Innate Abilities, Weirdness & Mutations

You are too large for most types of armour.
You have tough skin. (AC +1)


Message History

* * * LOW HITPOINT WARNING * * *
Pargi claws you but does no damage. x2
You can move again.
You feel better.
The floating eye's stare focuses on you.
Pargi barely misses you. Pargi claws you.
* * * LOW HITPOINT WARNING * * *
Pargi claws you but does no damage.
You hit Pargi.
Pargi is lightly wounded.
Pargi completely misses you. Pargi claws you.
* * * LOW HITPOINT WARNING * * *
Pargi claws you.
* * * LOW HITPOINT WARNING * * *
Unknown command.
You thump Pargi!
Pargi is moderately wounded.
Pargi barely misses you. Pargi closely misses you. Pargi claws you.
* * * LOW HITPOINT WARNING * * *
You miss Pargi. You punch Pargi.
Pargi is heavily wounded.
Pargi bites you but does no damage. Pargi claws you but does no damage.
Pargi closely misses you.
You hit Pargi. You punch Pargi, but do no damage.
Pargi is heavily wounded.
Pargi barely misses you. Pargi claws you.
* * * LOW HITPOINT WARNING * * *
Pargi claws you.
* * * LOW HITPOINT WARNING * * *
Unknown command.
You closely miss Pargi. You punch Pargi.
Pargi is heavily wounded.
You feel yourself speed up. Pargi bites you.
* * * LOW HITPOINT WARNING * * *
Pargi closely misses you. Pargi claws you but does no damage.
The floating eye gazes piercingly through you!
You suddenly lose the ability to move!
Pargi bites you!
You die...

##########
##########+##.........
#.?(.')))'.##......#..
##########.##.........
#....@TG...)'.........
#+#####h#####......#..
#..#h.#..##.........
#.h'..'..#####'#####
##†####+###.......#
#.h. #.......# #...G
#.......# #####+
#...<...# #.......#


You could see Pargi, a floating eye and a jackal.

Vanquished Creatures
  A floating eye (D)
  An endoplasm (D)
  3 jackals (D)
  A quokka (D)
  A jackal zombie (D)
  A kobold (D)
8 creatures vanquished.

Notes
Turn   | Place    | Note
-------+----------+-------------------------------------------
     0 | D        | rocky1 the Ogre Berserker began the quest for the Orb.
     0 | D        | Reached XP level 1. HP: 24/24 MP: 1/1
   325 | D        | Reached ** piety under Trog
   433 | D        | Noticed a floating eye
   435 | D        | Paralysed by a floating eye for 4 turns
   436 | D        | Reached XP level 2. HP: 33/33 MP: 2/2
   444 | D        | Killed a floating eye
   444 | D        | Reached *** piety under Trog
   445 | D        | Reached skill level 6 in Fighting
   445 | D        | Reached skill level 5 in Maces & Flails
   445 | D        | Reached XP level 3. HP: 45/45 MP: 3/3
   445 | D        | Reached XP level 4. HP: 53/53 MP: 4/4
   647 | D        | Noticed Pargi
   648 | D        | Noticed a floating eye
   648 | D        | Noticed a scorpion
   657 | D        | Paralysed by a floating eye for 3 turns
   668 | D        | Paralysed by a floating eye for 2 turns
   675 | D        | HP: 2/53 [Pargi (6)]
   675 | D        | Paralysed by a floating eye for 4 turns
   676 | D        | Slain by Pargi

Illustrated notes

Levels and vault maps discovered:
D:        pitsprint [storerooms_1, entrance_room_1, metal_vault_4, armoury_1,
          mini_pit_1, grid_room_1, main_hall_1, silver_pit, the_coven_2,
          the_vestibule_1, steel_vault_2, golden_pit, hallway_of_sentries,
          crystal_vault_3, iron_vault_4, final_vault]

Skill      XL: |  1  2 |
---------------+-------+-----
Maces & Flails | 3 5 |  5.6
Dodging        | 3 4 |  4.4
Fighting       | 6 |  6.3
Armour         | 2 |  2.5
Stealth        | 2 |  2.4

Action                   |  1- 3 |  4- 6 || total
-------------------------+-------+-------++-------
Melee: Mace              |    30 |    14 ||    44
       Punch             |       |     3 ||     3
Invok: Berserk           |       |     1 ||     1
       Trog's Hand       |       |     1 ||     1
  Use: Potion            |       |     3 ||     3
Armor: Animal skin       |     4 |    13 ||    17
Dodge: Dodged            |    13 |    28 ||    41

Table legend: (Time is in decaauts)
 A = Elapsed time spent in this place.
 B = Non-inter-level travel time spent in this place.
 C = Inter-level travel time spent in this place.
 D = Time resting spent in this place.
 E = Time spent auto-exploring this place.
 F = Levels seen in this place.
 G = Mean time per level.
                   A        B        C        D        E       F      G
               +--------+--------+--------+--------+--------+-----+--------+
         Total |    685 |    685 |      0 |    555 |      0 |   1 |  685.0 |
       Dungeon |    685 |    685 |      0 |    555 |      0 |   1 |  685.0 |
               +--------+--------+--------+--------+--------+-----+--------+

Top non-repeatable levels by time:
       D: 685 daAuts
